 Seeded DCSS version 0.24.0 (webtiles) character file.

Game seed: 93891015573, levelgen mode: deterministic

1804 Kranky the Poker (level 9, -1/65 HPs)
             Began as a Gnoll Chaos Knight on Feb 27, 2020.
             Was a Plaything of Xom.
             Blown up by Joseph (13 damage)
             ... with a disintegration bolt
             ... on level 7 of the Dungeon.
             The game lasted 00:22:09 (5793 turns).

Kranky the Poker (Gnoll Chaos Knight)               Turns: 5793, Time: 00:22:10

Health: -1/65      AC: 11    Str: 15    XL:     9   Next: 9%
Magic:  14/14      EV: 14    Int: 18    God:    Xom [.*....]
Gold:   327        SH:  0    Dex: 14    Spells: 15/15 levels left

rFire    + . .     SeeInvis +   t - +0 halberd
rCold    + . .     Gourm    .   (shield currently unavailable)
rNeg     . . .     Faith    .   b - +2 leather armour
rPois    .         Spirit   .   k - +1 helmet
rElec    .         Reflect  .   o - +2 cloak
rCorr    .         Harm     .   (no gloves)
MR       .....                  (no boots)
Stlth    ++........             r - amulet of rage
HPRegen  0.20/turn              I - ring of protection from cold
MPRegen  0.14/turn              F - ring of Wielij {rF+ SInv}

@: cleaving
A: distributed training, fangs 1, frail 1, strong nose
a: Renounce Religion, Evoke Berserk Rage


You were on level 7 of the Dungeon.
You worshipped Xom.
You were a plaything of Xom.
You were not hungry.

You visited 2 branches of the dungeon, and saw 8 of its levels.

You collected 327 gold pieces.

Inventory:

Hand Weapons
 t - a +0 halberd (weapon)
 z - a +0 lajatang
 B - a +2 whip of freezing
Missiles
 j - 14 poisoned darts (quivered)
Armour
 b - a +2 leather armour (worn)
 k - a +1 helmet (worn)
 o - a +2 cloak (worn)
Jewellery
 a - a +2 ring of dexterity
 r - an amulet of rage (around neck)
 v - an uncursed ring of ice
 F - the ring of Wielij (right hand) {rF+ SInv}
   (You found it on level 5 of the Dungeon)

   [ring of protection from fire]

   It protects you from fire.
   It lets you see invisible.
 I - a ring of protection from cold (left hand)
Wands
 s - a wand of paralysis (5)
 A - a wand of acid (9)
Scrolls
 d - a scroll of fear {unknown}
 g - 5 scrolls of teleportation
 h - a scroll of random uselessness {unknown}
 i - 4 scrolls of remove curse {unknown}
 l - 2 scrolls of enchant weapon {unknown}
 m - 2 scrolls of magic mapping {unknown}
 p - a scroll of immolation {unknown}
 q - 3 scrolls of amnesia {unknown}
 y - 2 scrolls of enchant armour
 H - a scroll of identify
Potions
 e - 2 potions of haste
 f - 3 potions of flight
 n - a potion of ambrosia
 u - a potion of magic
 w - a potion of resistance
 x - 3 potions of curing
 C - a potion of mutation
 D - a potion of agility {unknown}
 E - a potion of brilliance {unknown}
 G - a potion of invisibility {unknown}
Comestibles
 c - 6 rations
 J - a chunk of flesh


   Skills:
 + Level 7.6 Fighting
 + Level 3.8 Short Blades
 + Level 3.8 Long Blades
 + Level 3.8 Axes
 + Level 3.8 Maces & Flails
 + Level 7.6 Polearms
 + Level 3.8 Staves
 + Level 3.8 Slings
 + Level 3.8 Bows
 + Level 3.8 Crossbows
 + Level 3.8 Throwing
 + Level 6.0 Armour
 + Level 4.6 Dodging
 + Level 3.8 Stealth
 + Level 3.8 Shields
 + Level 3.8 Unarmed Combat
 + Level 3.8 Spellcasting
 + Level 3.1 Conjurations
 + Level 3.1 Hexes
 + Level 3.1 Charms
 + Level 3.1 Summonings
 + Level 3.1 Necromancy
 + Level 3.1 Translocations
 + Level 3.1 Transmutations
 + Level 3.1 Fire Magic
 + Level 3.1 Ice Magic
 + Level 3.1 Air Magic
 + Level 3.1 Earth Magic
 + Level 3.1 Poison Magic
 + Level 4.2 Invocations
 + Level 3.8 Evocations


You had 15 spell levels left.
You didn't know any spells.
Your spell library was empty.

Dungeon Overview and Level Annotations

Branches:
Dungeon (7/15)             Temple (1/1) D:5

Altars:
Ashenzari
Cheibriados
Dithmenos
Fedhas
Gozag
Kikubaaqudgha
Makhleb
Okawaru
Qazlal
Ru
Trog
Uskayaw
Vehumet
Wu Jian
Xom
Lugonu

Shops:
D:6 !

Annotations:
D:7 Joseph


Innate Abilities, Weirdness & Mutations

Your experience applies equally to all skills.
You have very sharp teeth.
Your uncanny sense of smell can sniff out nearby items.
You are frail. (-10% HP)


Message History

Your +0 halberd looks sharp.
You are now a plaything of Xom.
Joseph zaps a wand.
You are blasted!
You closely miss Joseph.
Joseph is lightly wounded.
Joseph hits you but does no damage.
You closely miss Joseph.
Joseph is lightly wounded.
Joseph hits you with a +0 quarterstaff!
You slash Joseph!
Joseph is moderately wounded.
Joseph hits you with a +0 quarterstaff!
* * * LOW HITPOINT WARNING * * *
Joseph unwields a +0 quarterstaff.
Joseph wields a +0 hunting sling.
Joseph shoots a sling bullet.
The sling bullet misses you.
You see here 3 sling bullets. "Get over here!"
Joseph blinks!
Joseph zaps a wand.
You are blasted!
You die...
Xom laughs nastily!

## #####
#.##.#.#
(.....#
#@.#.#####
#?.......#
##..####.
#..(@<#
#§##..#
#.##..#
#.##..#
#.#####
...∆ ### ∆


You could see Joseph.

Vanquished Creatures
  Pikel (D:5)
  A sky beast (D:6)
  A phantom (D:5)
  2 centaurs
  An ogre (D:5)
  A bullfrog (D:6)
  Blork the orc (D:5)
  2 scorpions
  A water moccasin skeleton (D:6)
  3 crimson imps
  A hound (D:4)
  An orc priest (D:5)
  3 orc wizards
  2 bullfrog skeletons
  A killer bee zombie (D:5)
  Robin (D:2)
  10 gnolls
  5 adders
  An ooze (D:2)
  6 worms
  4 dart slugs
  3 leopard geckos (D:6)
  19 orcs
  8 giant cockroaches
  11 goblins
  17 hobgoblins
  2 quokkas
  8 bats
  7 frilled lizards
  3 kobolds
  A leopard gecko skeleton (D:5)
  5 rats
133 creatures vanquished.

Vanquished Creatures (others)
  A giant cockroach (D:3)
1 creature vanquished.

Grand Total: 134 creatures vanquished

Notes
Turn   | Place    | Note
-------+----------+-------------------------------------------
     0 | D:1      | Kranky the Gnoll Chaos Knight began the quest for the Orb.
     0 | D:1      | Reached XP level 1. HP: 23/23 MP: 1/1
   110 | D:1      | Reached XP level 2. HP: 29/29 MP: 2/2
   112 | D:1      | XOM: cloud trail
   352 | D:1      | XOM: divination: detect creatures
   652 | D:2      | Noticed Robin
   678 | D:1      | Reached XP level 3. HP: 31/35 MP: 3/3
   708 | D:2      | Found a faded altar of an unknown god.
   787 | D:1      | Reached skill level 1 in Invocations
   955 | D:2      | HP: 1/35 [gnoll/+0 spear (5)]
  1282 | D:2      | Killed Robin
  1282 | D:2      | Reached skill level 1 in Short Blades
  1282 | D:2      | Reached skill level 1 in Long Blades
  1282 | D:2      | Reached skill level 1 in Axes
  1282 | D:2      | Reached skill level 1 in Maces & Flails
  1282 | D:2      | Reached skill level 1 in Staves
  1282 | D:2      | Reached skill level 1 in Slings
  1282 | D:2      | Reached skill level 1 in Bows
  1282 | D:2      | Reached skill level 1 in Crossbows
  1282 | D:2      | Reached skill level 1 in Throwing
  1282 | D:2      | Reached skill level 1 in Stealth
  1282 | D:2      | Reached skill level 1 in Shields
  1282 | D:2      | Reached skill level 1 in Unarmed Combat
  1282 | D:2      | Reached skill level 1 in Spellcasting
  1282 | D:2      | Reached skill level 1 in Evocations
  1282 | D:2      | Reached XP level 4. HP: 33/41 MP: 5/5
  1287 | D:2      | Noticed a centaur
  1287 | D:2      | a hobgoblin changed into a centaur
  1293 | D:2      | Killed a centaur
  1293 | D:2      | Reached skill level 1 in Conjurations
  1293 | D:2      | Reached skill level 1 in Hexes
  1293 | D:2      | Reached skill level 1 in Charms
  1293 | D:2      | Reached skill level 1 in Summonings
  1293 | D:2      | Reached skill level 1 in Necromancy
  1293 | D:2      | Reached skill level 1 in Translocations
  1293 | D:2      | Reached skill level 1 in Transmutations
  1293 | D:2      | Reached skill level 1 in Fire Magic
  1293 | D:2      | Reached skill level 1 in Ice Magic
  1293 | D:2      | Reached skill level 1 in Air Magic
  1293 | D:2      | Reached skill level 1 in Earth Magic
  1293 | D:2      | Reached skill level 1 in Poison Magic
  1293 | D:2      | Reached XP level 5. HP: 33/47 MP: 5/7
  1637 | D:2      | XOM: cast spell 'Summon Small Mammal'
  1647 | D:2      | XOM: medium Hex miscast
  1803 | D:2      | XOM: harmless Conj miscast
  2197 | D:3      | Reached XP level 6. HP: 53/53 MP: 8/8
  2364 | D:3      | Found a radiant altar of Vehumet.
  2507 | D:3      | Found a shadowy altar of Dithmenos.
  2694 | D:3      | Found an ancient bone altar of Kikubaaqudgha.
  2889 | D:3      | Found a bloodstained altar of Trog.
  2963 | D:3      | XOM: god gift: scroll labeled PEZ HAUWEOBLU {god gift}
  3003 | D:3      | XOM is BORED!
  3003 | D:3      | XOM: medium Tmut miscast
  3003 | D:3      | Gained mutation: You are frail. (-10% HP) [mutagenic glow]
  3205 | D:4      | Found a hide-covered altar of Uskayaw.
  3208 | D:4      | Noticed a -2 hand axe
  3208 | D:4      | Noticed a +0 dagger
  3303 | D:4      | Reached skill level 5 in Armour
  3330 | D:4      | XOM: 9-stop teleportation journey
  3574 | D:5      | Entered Level 5 of the Dungeon
  3609 | D:5      | XOM: cast spell 'Leda's Liquefaction'
  3644 | D:5      | Noticed a slave
  3648 | D:5      | Noticed Pikel
  3652 | D:5      | XOM: cast spell 'Summon Butterflies'
  3655 | D:5      | XOM: harmless Necr miscast
  3657 | D:5      | Noticed a slave
  3658 | D:5      | Noticed a slave
  3658 | D:5      | Noticed a slave
  3669 | D:5      | Killed Pikel
  3669 | D:5      | Reached XP level 7. HP: 54/54 MP: 9/11
  3669 | D:5      | Reached XP level 8. HP: 60/60 MP: 9/12
  3781 | D:5      | Found a burning altar of Makhleb.
  3828 | D:5      | XOM: confusion (+ monsters)
  3967 | D:5      | Found a staircase to the Ecumenical Temple.
  3983 | D:5      | Got a brightly glowing bone ring
  3985 | D:5      | Identified the ring of Wielij {rF+ SInv} (You found it on
                  | level 5 of the Dungeon)
  3992 | D:5      | Noticed Blork the orc
  4000 | D:5      | Killed Blork the orc
  4086 | D:5      | XOM: smoke on damage
  4211 | D:5      | Found a blossoming altar of Fedhas.
  4222 | D:5      | Found a shimmering altar of Xom.
  4471 | Temple   | Entered the Ecumenical Temple
  4511 | Temple   | XOM: harmless Summ miscast
  4544 | D:6      | Found an ornate altar of the Wu Jian Council.
  4623 | D:6      | XOM: summons 4 hostile demons
  4879 | D:6      | XOM: god gift: 51 gold pieces
  4938 | D:6      | XOM is BORED!
  4938 | D:6      | Found Ucwymifa's Distillery.
  4938 | D:6      | XOM: 5-stop teleportation journey
  5275 | D:6      | Reached XP level 9. HP: 47/64 MP: 14/14
  5746 | D:6      | XOM is BORED!
  5746 | D:6      | XOM: medium Chrm miscast
  5775 | D:7      | Noticed Joseph
  5788 | D:7      | XOM: cleaving
  5793 | D:7      | XOM: blink monster(s)
  5793 | D:7      | Blown up by Joseph

Levels and vault maps discovered:
D:1:      minmay_arrival_four_houses, layout_loops_ring,
          hangedman_feature_mirror
D:2:      layout_loops_ring, chequers_ecumenical_altar_simple, uniq_robin
D:3:      layout_loops_corners, fiery_altar_vehumet, lemuel_round_altar,
          kiku_gazebo_garden_becter, lemuel_coloured_pillars_altar, first_ration
D:4:      layout_rooms, dancing_weapons_uskayaw, serial_forest,
          infiniplex_forest_zigzag_2, infiniplex_forest_clump_small,
          infiniplex_forest_clump_medium, infiniplex_forest_zigzag_1,
          infiniplex_forest_clump_double
D:5:      layout_basic, lemuel_crystal_altar, kennysheep_mini,
          minmay_temple_entry_mini_moons, basic_altar, uniq_blork_the_orc,
          uniq_pikel
D:6:      layout_loops_corners, lemuel_crystal_altar, serial_shops,
          shop_fountains, serial_rivers, chequers_serial_rivers_room_b,
          chequers_serial_rivers_micro_b, chequers_serial_rivers_micro_e,
          chequers_serial_rivers_micro_c
D:7:      layout_basic, lemuel_crystal_altar, elyvilon_altar_5, serial_shops,
          nicolae_shop_trees, uniq_joseph
Temple:   corrupted_temple
